Map: Tours du crépuscule

Players

Shymankos

  • Race: Zerg Zerg
  • League: Silver

pupu - Winner!

  • Race: Protoss Protoss
  • League: Silver

VOD

Have the link to the VOD?

Description

Time

  • Played on: April 10, 2016, 7:21 a.m.
  • Length: 9:28
Show
View Real Time Build Order
Export as new Build Order

Shymankos Zerg 

Build Orders: Pool First 

Get SALT Encoding   

  12  0:02  Drone  
  13  0:08  Drone  
  14  0:17  Overlord  
  14  0:33  Spawning Pool  
  13  0:37  Drone  
  13  0:42  Drone  
  15  0:44  Drone  
  16  0:51  Extractor  
  15  1:16  Hatchery  
  15  1:17  Drone  
  15  1:18  Drone  
  16  1:26  Drone  
  17  1:34  Drone  
  17  1:38  Queen  
  20  1:53  Zergling x4  
  22  2:03  Metabolic Boost  
  22  2:16  Roach Warren  
  22  2:17  Drone  
  22  2:19  Overlord  
  22  2:28  Drone  
  22  2:29  Extractor  
  22  2:56  Drone x4  
  22  2:57  Drone x4  
  32  3:16  Lair  
  32  3:19  Lair  
  30  3:22  Overlord  
  30  3:45  Roach x4  
  30  3:46  Roach x2  
  42  3:50  Overlord  
  42  4:05  Drone x2  
  42  4:08  Overlord x2  
  44  4:20  Spire  
  44  4:22  Drone x2  
  45  4:27  Extractor  
  45  4:30  Extractor  
  43  4:34  Queen  
  45  4:48  Roach x2  
  45  4:49  Roach x2  
  53  5:01  Roach x2  
  53  5:02  Roach  
  58  5:35  Spore Crawler  
  50  5:36  Queen  
  46  6:08  Roach x7  
  60  6:13  Drone x2  
  62  6:28  Spore Crawler  
  61  6:39  Queen  
  63  6:55  Mutalisk  
  63  6:57  Mutalisk  
  65  7:31  Hatchery  
  65  7:35  Drone  
  47  8:26  Mutalisk  
  47  8:27  Mutalisk x4  
  33  8:51  Mutalisk x2  
Show
View Real Time Build Order
Export as new Build Order

pupu Protoss - Winner!

Build Orders: Nexus First, Oracle Opening 

Get SALT Encoding   

  12  0:01  Probe (Chrono Boost)  
  13  0:11  Probe (Chrono Boost)  
  14  0:18  Pylon  
  14  0:22  Probe (Chrono Boost)  
  15  0:36  Probe (Chrono Boost)  
  16  0:56  Nexus  
  16  1:05  Gateway  
  16  1:10  Probe (Chrono Boost)  
  17  1:15  Assimilator  
  17  1:20  Probe (Chrono Boost)  
  17  1:24  Assimilator  
  18  1:31  Probe (Chrono Boost)  
  19  1:41  Probe (Chrono Boost)  
  20  1:52  Probe (Chrono Boost)  
  20  1:53  Cybernetics Core  
  21  2:02  Probe (Chrono Boost)  
  22  2:08  Zealot (Chrono Boost)  
  22  2:13  Probe  
  25  2:21  Warp Gate (Chrono Boost)  
  25  2:22  Pylon  
  25  2:24  Gateway  
  25  2:39  Adept  
  25  2:41  Probe  
  25  2:43  Probe  
  29  2:53  Probe  
  29  2:54  Probe  
  31  3:03  Stargate  
  31  3:06  Stalker (Chrono Boost)  
  33  3:17  Probe x2  
  33  3:18  Adept (Chrono Boost)  
  37  3:30  Pylon  
  37  3:34  Gateway  
  37  3:39  Probe x2  
  39  3:43  Forge  
  39  3:46  Oracle (Chrono Boost)  
  42  3:53  Twilight Council  
  42  3:56  Probe  
  42  3:57  Probe  
  44  4:15  Pylon  
  44  4:16  Mothership Core  
  46  4:18  Probe, Oracle (Chrono Boost)  
  50  4:35  Pylon  
  50  4:37  Gateway  
  50  4:39  Resonating Glaives (Chrono Boost), Gateway  
  50  4:54  Probe x2  
  52  5:00  Assimilator  
  52  5:04  Assimilator, Pylon  
  52  5:06  Probe x2, Pylon  
  54  5:09  Pylon  
  54  5:13  Pylon  
  54  6:03  Void Ray  
  54  6:06  Stalker x3  
  64  6:17  Pylon  
  64  6:31  Nexus  
  64  6:34  Pylon  
  64  6:36  Probe x2, Pylon  
  64  6:39  Pylon  
  66  6:40  Void Ray  
  66  6:42  Pylon  
  70  6:48  Probe x2  
  70  6:50  Charge (Chrono Boost)  
  70  6:52  Adept  
  70  6:53  Adept x4  
  82  7:23  Stalker x4  
  82  7:24  Stalker  
  82  7:25  Void Ray  
  90  8:01  Stalker x5  
  96  8:11  Photon Cannon  
  88  8:14  Photon Cannon  
  88  8:15  Void Ray  
  88  8:18  Pylon  
  76  8:20  Pylon  
  76  8:25  Stalker  
  76  8:26  Stalker x3  
  78  8:58  Stalker  
  78  8:59  Stalker x4  
Tags
 
Add a new tag
Caveats
  • Supply blocks, unpowered buildings, or Contaminate may cause inaccurate times.
  • Supply counts are checked every 10 seconds.